 Dungeon Crawl Stone Soup version 0.31-a0-339-gda1cbd555d (webtiles) character file.

Game seed: 1746505417509495408

130 Dirtsage the Changeling (level 5, -1/33 HPs)
             Began as an Octopode Shapeshifter on July 20, 2023.
             Slain by an ogre
             ... wielding a +0 giant club
              (31 damage)
             ... on level 4 of the Dungeon.
             The game lasted 00:05:17 (2806 turns).

Dirtsage the Changeling (Octopode Shapeshifter)     Turns: 2806, Time: 00:05:18

Health: -1/33      AC:  1    Str: 15    XL:     5   Next: 14%
Magic:  5/5        EV: 13    Int: 12    God:
Gold:   125        SH:  0    Dex: 12    Spells: 4/4 levels left

rFire   . .          .
                       - Unarmed
rCold   . . .        (no shield)
rNeg    . . .        (helmet currently unavailable)
rPois   .            (no amulet)
rElec   .            (no ring)
rCorr   .            (no ring)
SInv    .            (no ring)
Will    .....        (no ring)
Stlth   ++           (no ring)
HPRegen 0.25/turn    (no ring)
MPRegen 0.09/turn    (no ring)
                     (no ring)

%: no passive effects
@: beast-form
A: beast (slay +3), almost no armour, amphibious, 8 rings, camouflage 1,
gelatinous body 1, (nimble swimmer 1), tentacles
a: Begin Untransformation


You were on level 4 of the Dungeon.
You were a hulking beast.
You visited 1 branch of the dungeon, and saw 4 of its levels.

You collected 229 gold pieces.
You spent 104 gold pieces at shops.

Inventory:

Talismans
 b - a beast talisman
Scrolls
 e - 4 scrolls of teleportation {unknown}
 f - a scroll of enchant weapon {unknown}
 h - a scroll of immolation {unknown}
 i - a scroll of noise {unknown}
 k - a scroll of enchant armour {unknown}
 B - 2 scrolls of blinking
Potions
 a - 2 potions of lignification
 c - 2 potions of brilliance
 d - a potion of enlightenment
 g - a potion of magic
 j - 2 potions of ambrosia


   Skills:
 - Level 1.0 Fighting
 - Level 2.0 Dodging
 + Level 4.0 Unarmed Combat
 * Level 4.4 Shapeshifting


You had 4 spell levels left.
You didn't know any spells.
Your spell library contained the following spells:

 Spells                   Type           Power      Damage    Failure   Level
 Animate Dead             Necr           0%         N/A       97%         4
 Haunt                    Necr/Summ      0%         N/A       100%        7
 Infestation              Necr           0%         N/A       100%        8


Dungeon Overview and Level Annotations

Branches:
Dungeon (4/15)
 Temple: D:4-7

Altars:
Ru

Shops:
D:3 *[(:


Innate Abilities, Weirdness & Mutations

You are a hulking beast.
Your limbs bulge with bestial killing power. (Slay +3)
You cannot wear most types of armour.
You are amphibious.
You can wear up to eight rings at the same time.
Your skin changes colour to match your surroundings (Stealth+).
Your rubbery body absorbs attacks. (AC +1, EV +1)
((You are camouflaged when in or above water. (Stealth+)))
You have tentacles for arms and can constrict up to eight enemies at once.


Message History

No target in view!
No target in view!
No target in view!
No target in view!
No target in view!
No target in view!
No target in view!
No target in view!
No target in view!
No target in view!
No target in view!
No target in view!
No target in view!
No target in view!
You now have 125 gold pieces (gained 16).
A worm comes into view.
You bludgeon the worm! You grab the worm.
The worm is moderately wounded.
You constrict the worm. You tentacle-slap the worm.
The worm is severely wounded.
You constrict the worm, but do no damage.
The worm bites you.
You take 6 damage, and have 27/33 hp.
You tentacle-slap the worm.
The worm is severely wounded.
You constrict the worm. You tentacle-slap the worm.
You kill the worm!
Search for what [Enter for "talism", or ? for help]? ru An ogre comes into view.
It is wielding a +0 giant club.
An ogre is nearby!
You see here a +0 sling.
The ogre shouts!
An orc comes into view. It is wielding a +0 dagger.
Okay, then.
You barely miss the ogre.
The ogre hits you with a +0 giant club!!
Ouch! That really hurt!
You die...

...........#####.
#########........# #....#
#)...###. #....# #......#
#....# #......# #....#
#......# #....#
#<.....#######.
####...O####....#.........
..o......#Oh.....#.<.......
....##.#....#....#......###
#..##....).###..#......#
#......#...#...........#
###....#....#.#.........#
##..##.......#.#.#....##.#
#.......†....#.#.#.......#
#..........#.#.........
###......#####.#.........


You could see an ogre.

Vanquished Creatures
  An orc wizard (D:3)
  A gnoll (D:3)
  An adder (D:3)
  A worm (D:4)
  3 dart slugs
  4 orcs (D:3)
  7 bats
  5 endoplasms
  3 giant cockroaches (D:3)
  8 goblins
  14 hobgoblins
  4 ball pythons
  A frilled lizard (D:1)
  8 kobolds
  6 rats
67 creatures vanquished.

Notes
Turn   | Place    | Note
-------+----------+-------------------------------------------
     0 | D:1      | Dirtsage the Octopode Shapeshifter began the quest for the
                  | Orb.
     0 | D:1      | Reached XP level 1. HP: 13/13 MP: 1/1
   102 | D:1      | Reached XP level 2. HP: 10/18 MP: 2/2
   385 | D:1      | Reached XP level 3. HP: 23/23 MP: 3/3
  1381 | D:2      | Reached XP level 4. HP: 28/28 MP: 4/4
  1707 | D:3      | Found Ydducloz's Antique Armour Shoppe.
  1961 | D:3      | Reached XP level 5. HP: 28/33 MP: 5/5
  2247 | D:3      | Found Touvoaqe's General Store.
  2253 | D:3      | Bought a scroll of blinking for 82 gold pieces
  2253 | D:3      | Bought a scroll of identify for 22 gold pieces
  2323 | D:3      | Found Ylokucon's Weapon Shoppe.
  2431 | D:3      | Found Upsa's Book Emporium.
  2686 | D:4      | Found a sacrificial altar of Ru.
  2797 | D:4      | Noticed an ogre
  2806 | D:4      | Slain by an ogre

Illustrated notes

Levels and vault maps discovered:
D:1:      dpeg_arrival_three_bigger_balls, layout_basic, chequers_garden,
          minmay_misc_feat_plants
D:2:      layout_loops_corners
D:3:      layout_loops_corners, serial_shops, shop, shop,
          nicolae_shop_bloodbath_and_beyond, nicolae_shop_crystal,
          minmay_close_crescents
D:4:      layout_cave_pools, nicolae_ru_sacrificial_ziggurat, zin_purify,
          serial_co_window_serial, co_window_corner_a,
          co_window_of_opportunity_a, co_window_corner_a, co_window_corner_a,
          co_window_paths_a, co_window_corner_a, co_window_2corner,
          co_window_broadway_a, co_window_2corner, co_window_unsneaky_path_c,
          co_window_4corner_a, glass_columns_b, glass_columns_c,
          glass_columns_c, uniq_menkaure, uniq_ijyb, uniq_blork_the_orc

Skill      XL: |  1  2  3  4 |
---------------+-------------+-----
Shapeshifting  | 4 |  4.4
Unarmed Combat | 4 |  4.0
Fighting       | |  1.0
Dodging        | |  2.0

Action                     |  1- 3 |  4- 6 || total
---------------------------+-------+-------++-------
  Melee: Unarmed           |    71 |    43 ||   114
         Constrict         |    21 |    12 ||    33
         Tentacles         |    11 |    10 ||    21
         Punch             |     3 |       ||     3
    Use: Scroll            |       |     4 ||     4
   Stab: Sleeping          |    14 |     6 ||    20
 Armour: Skin              |     3 |     1 ||     4
  Dodge: Dodged            |    33 |    17 ||    50

Table legend: (Time is in decaauts)
 A = Elapsed time spent in this place.
 B = Non-inter-level travel time spent in this place.
 C = Inter-level travel time spent in this place.
 D = Time resting spent in this place.
 E = Time spent auto-exploring this place.
 F = Levels seen in this place.
 G = Mean time per level.
                   A        B        C        D        E       F      G
               +--------+--------+--------+--------+--------+-----+--------+
         Total |   2797 |   2700 |     97 |     33 |   2254 |   4 |  699.2 |
       Dungeon |   2797 |   2700 |     97 |     33 |   2254 |   4 |  699.2 |
               +--------+--------+--------+--------+--------+-----+--------+

Top non-repeatable levels by time:
     D:3: 998 daAuts
     D:2: 906 daAuts
     D:1: 760 daAuts
     D:4: 132 daAuts
